TOP OF THE 1ST |
Tri-City Dust Devils batting - Pitching for Eugene Emeralds : RHP Josh Ready
|
Pitching: RHP Josh Ready
|
|
Batting: RHB Jeremy Mercer
|
0-0: Ball 1-0: Called Strike 1-1: Swinging Strike 1-2: Ball 2-2: Strikes out swinging
|
Batting: RHB Hector Fernandez
|
0-0: Ball 1-0: Foul Ball, location: 2F 1-1: Ball 2-1: Ground out 6-3 (Groundball, 6, EV 99.4 MPH)
|
Batting: RHB Joe Weissman
|
0-0: Swinging Strike 0-1: Swinging Strike 0-2: Strikes out swinging
|
Top of the 1st over - 0 runs, 0 hits, 0 errors, 0 left on base; Tri-City 0 - Eugene 0 |
BOTTOM OF THE 1ST |
Eugene Emeralds batting - Pitching for Tri-City Dust Devils : RHP Jalen Smith
|
Pitching: RHP Jalen Smith
|
|
Batting: RHB David Barnard
|
0-0: Ball 1-0: Ball 2-0: Ball 3-0: Called Strike 3-1: Called Strike 3-2: Foul Ball, location: 2F 3-2: Foul Ball, location: 2F 3-2: Strikes out looking
|
Batting: LHB Kwang-chih Men
|
0-0: Ground out 4-3 (Groundball, 4, EV 85.6 MPH)
|
Batting: RHB Francisco Ramirez
|
0-0: Ball 1-0: Foul Ball, location: 2F 1-1: Foul Ball, location: 2F 1-2: Ball 2-2: Foul Ball, location: 2F 2-2: Ball 3-2: Foul Ball, location: 2F 3-2: Foul Ball, location: 2F 3-2: Foul Ball, location: 2F 3-2: Foul Ball, location: 2F 3-2: SINGLE (Groundball, 6MD, EV 103.8 MPH)
|
Batting: RHB Jonathan Sotelo
|
0-0: Ball 1-0: Fly out, F8 (Line Drive, 8RD, EV 94.4 MPH)
|
Bottom of the 1st over - 0 runs, 1 hit, 0 errors, 1 left on base; Tri-City 0 - Eugene 0 |
TOP OF THE 2ND |
Tri-City Dust Devils batting - Pitching for Eugene Emeralds : RHP Josh Ready
|
Batting: RHB Bryan Pitcher
|
0-0: Ball 1-0: Ball 2-0: Ball 3-0: Called Strike 3-1: Fly out, F8 (Line Drive, 8RM, EV 103.8 MPH)
|
Batting: RHB Jaden Scott
|
0-0: SOLO HOME RUN (Flyball, 78XD, EV 107.5 MPH), Distance : 422 ft
|
Batting: RHB Freddie Brown
|
0-0: Foul Ball, location: 2F 0-1: Fly out, F9 (Line Drive, 9, EV 108.1 MPH)
|
Batting: LHB Paul Adams
|
0-0: Called Strike 0-1: Ball 1-1: Ground out 5-3 (Groundball, 56, EV 103.1 MPH)
|
Top of the 2nd over - 1 run, 1 hit, 0 errors, 0 left on base; Tri-City 1 - Eugene 0 |
BOTTOM OF THE 2ND |
Eugene Emeralds batting - Pitching for Tri-City Dust Devils : RHP Jalen Smith
|
Batting: LHB Mark Huey
|
0-0: Ball 1-0: Swinging Strike 1-1: Swinging Strike 1-2: Strikes out swinging
|
Batting: RHB Brian Gargis
|
0-0: Called Strike 0-1: Called Strike 0-2: Ball 1-2: Foul Ball, location: 2F 1-2: Ball 2-2: TRIPLE (Line Drive, 78XD, EV 101.9 MPH)
|
Batting: SHB Bob Hamilton
|
0-0: Fly out, F7 (Flyball, 7D, EV 86.2 MPH) Runner from 3rd tags up, SCORES, no throw by LF
|
Batting: RHB Garrett Granata
|
0-0: Ground out 6-3 (Groundball, 6, EV 110.6 MPH)
|
Bottom of the 2nd over - 1 run, 1 hit, 0 errors, 0 left on base; Tri-City 1 - Eugene 1 |
TOP OF THE 3RD |
Tri-City Dust Devils batting - Pitching for Eugene Emeralds : RHP Josh Ready
|
Batting: RHB Derrick Abrams
|
0-0: Ball 1-0: Foul Ball, location: 2F 1-1: Ball 2-1: Reached on error, E6 (Groundball, 6, EV 86.2 MPH)
|
Batting: RHB Ron Major
|
0-0: Called Strike 0-1: Ball 1-1: Ball 2-1: Foul Ball, location: 2F 2-2: SINGLE (Groundball, 6M, EV 100.0 MPH) Derrick Abrams to second Runner from 2nd tries for 3rd, SAFE, no throw by CF
|
Batting: RHB Jeremy Mercer
|
0-0: Ball 1-0: Called Strike 1-1: Foul Ball, location: 2F 1-2: Ball 2-2: Fielders Choice at 2nd, 4-6 (Groundball, 4, EV 88.8 MPH) Derrick Abrams scores
|
Batting: RHB Hector Fernandez
|
0-0: Ball 1-0: Ball 2-0: Ball 3-0: Called Strike 3-1: Foul Ball, location: 2F 3-2: Fielders Choice at 2nd, 6-4 (Groundball, 6S, EV 90.6 MPH)
|
Batting: RHB Joe Weissman
|
0-0: Ball 1-0: Ball 2-0: Called Strike 2-1: Ball 3-1: Called Strike 3-2: Foul Ball, location: 2F 3-2: Foul Ball, location: 2F 3-2: Strikes out swinging
|
Top of the 3rd over - 1 run, 1 hit, 1 error, 1 left on base; Tri-City 2 - Eugene 1 |
BOTTOM OF THE 3RD |
Eugene Emeralds batting - Pitching for Tri-City Dust Devils : RHP Jalen Smith
|
Batting: RHB Jonathan Ridgely
|
0-0: Ball 1-0: Foul Ball, location: 2F 1-1: Fly out, F7 (Flyball, 7LS, EV 96.2 MPH)
|
Batting: RHB David Barnard
|
0-0: Foul Ball, location: 2F 0-1: Foul Ball, location: 2F 0-2: Ball 1-2: Ball 2-2: Ball 3-2: Base on Balls
|
Batting: LHB Kwang-chih Men
|
0-0: Ball 1-0: Swinging Strike David Barnard steals 2nd base 1-1: Foul Ball, location: 2F 1-2: Strikes out swinging
|
Batting: RHB Francisco Ramirez
|
0-0: Called Strike 0-1: Ball 1-1: Ball 2-1: Ground out 4-3 (Groundball, 4, EV 86.9 MPH)
|
Bottom of the 3rd over - 0 runs, 0 hits, 0 errors, 1 left on base; Tri-City 2 - Eugene 1 |
TOP OF THE 4TH |
Tri-City Dust Devils batting - Pitching for Eugene Emeralds : RHP Josh Ready
|
Batting: RHB Bryan Pitcher
|
0-0: Called Strike 0-1: Ball 1-1: Ball 2-1: Swinging Strike 2-2: Fly out, F8 (Flyball, 8LD, EV 103.8 MPH)
|
Batting: RHB Jaden Scott
|
0-0: Foul Ball, location: 2F 0-1: Swinging Strike 0-2: Ball 1-2: Ground out 6-3 (Groundball, 6, EV 93.1 MPH)
|
Batting: RHB Freddie Brown
|
0-0: Swinging Strike 0-1: Fly out, F9 (Line Drive, 9, EV 103.1 MPH)
|
Top of the 4th over - 0 runs, 0 hits, 0 errors, 0 left on base; Tri-City 2 - Eugene 1 |
BOTTOM OF THE 4TH |
Eugene Emeralds batting - Pitching for Tri-City Dust Devils : RHP Jalen Smith
|
Batting: RHB Jonathan Sotelo
|
0-0: Foul Ball, location: 2F 0-1: Foul Ball, location: 2F 0-2: Ball 1-2: Foul Ball, location: 2F 1-2: Ball 2-2: Strikes out swinging
|
Batting: LHB Mark Huey
|
0-0: Called Strike 0-1: Foul Ball, location: 2F 0-2: Ball 1-2: Strikes out swinging, 2-3 out at first.
|
Batting: RHB Brian Gargis
|
0-0: Foul Ball, location: 2F 0-1: Ball 1-1: Swinging Strike 1-2: Strikes out swinging
|
Bottom of the 4th over - 0 runs, 0 hits, 0 errors, 0 left on base; Tri-City 2 - Eugene 1 |
TOP OF THE 5TH |
Tri-City Dust Devils batting - Pitching for Eugene Emeralds : RHP Josh Ready
|
Batting: LHB Paul Adams
|
0-0: Ball 1-0: DOUBLE (Flyball, 89D, EV 86.9 MPH)
|
Batting: RHB Derrick Abrams
|
0-0: Swinging Strike Balk! Paul Adams to third 0-1: Called Strike 0-2: Strikes out swinging
|
Batting: RHB Ron Major
|
0-0: Foul Ball, location: 2F 0-1: Foul Ball, location: 2F 0-2: Fly out, F8 (Line Drive, 8RM, EV 101.9 MPH)
|
Batting: RHB Jeremy Mercer
|
0-0: Ball 1-0: Ball 2-0: Called Strike 2-1: Fly out, F7 (Flyball, 78D, EV 98.8 MPH)
|
Top of the 5th over - 0 runs, 1 hit, 0 errors, 1 left on base; Tri-City 2 - Eugene 1 |
BOTTOM OF THE 5TH |
Eugene Emeralds batting - Pitching for Tri-City Dust Devils : RHP Jalen Smith
|
Batting: SHB Bob Hamilton
|
0-0: Foul Ball, location: 2F 0-1: Ball 1-1: Ball 2-1: Ball 3-1: Base on Balls
|
Batting: RHB Garrett Granata
|
0-0: Called Strike 0-1: Ball 1-1: SINGLE (Line Drive, 4MD, EV 99.4 MPH) Bob Hamilton to second Runner from 2nd tries for 3rd, SAFE, throw by CF made to third
|
Batting: RHB Jonathan Ridgely
|
0-0: Ball 1-0: Called Strike Garrett Granata steals 2nd base (no throw) 1-1: DOUBLE (Line Drive, 7LS, EV 93.8 MPH) Bob Hamilton scores Garrett Granata scores
|
Batting: RHB David Barnard
|
0-0: Ball 1-0: Foul Ball, location: 2F 1-1: Called Strike 1-2: Ball 2-2: Strikes out swinging
|
Batting: LHB Kwang-chih Men
|
0-0: Ball 1-0: Ball 2-0: Called Strike 2-1: Ground out U3 (Groundball, 3, EV 107.5 MPH) Jonathan Ridgely to third
|
Batting: RHB Francisco Ramirez
|
0-0: Ball 1-0: Foul Ball, location: 2F 1-1: Fly out, F4 (Popup, 4M, EV 63.8 MPH)
|
Bottom of the 5th over - 2 runs, 2 hits, 0 errors, 1 left on base; Tri-City 2 - Eugene 3 |
TOP OF THE 6TH |
Tri-City Dust Devils batting - Pitching for Eugene Emeralds : RHP Josh Ready
|
Batting: RHB Hector Fernandez
|
0-0: Ball 1-0: Foul Ball, location: 2F 1-1: Foul Ball, location: 2F 1-2: Ball 2-2: Strikes out swinging
|
Batting: RHB Joe Weissman
|
0-0: SINGLE (Groundball, 34D, EV 105.6 MPH)
|
Batting: RHB Bryan Pitcher
|
0-0: Ball 1-0: Ball 2-0: Fielders Choice at 2nd, 5-4 (Groundball, 56, EV 89.4 MPH)
|
Batting: RHB Jaden Scott
|
0-0: Called Strike 0-1: Foul Ball, location: 2F 0-2: Strikes out swinging
|
Top of the 6th over - 0 runs, 1 hit, 0 errors, 1 left on base; Tri-City 2 - Eugene 3 |
BOTTOM OF THE 6TH |
Eugene Emeralds batting - Pitching for Tri-City Dust Devils : RHP Jalen Smith
|
Batting: RHB Jonathan Sotelo
|
0-0: Ground out 5-3 (Groundball, 56, EV 87.5 MPH)
|
Batting: LHB Mark Huey
|
0-0: Fly out, F9 (Flyball, 9D, EV 89.4 MPH)
|
Batting: RHB Brian Gargis
|
0-0: Ground out 4-3 (Groundball, 34, EV 103.1 MPH)
|
Bottom of the 6th over - 0 runs, 0 hits, 0 errors, 0 left on base; Tri-City 2 - Eugene 3 |
TOP OF THE 7TH |
Tri-City Dust Devils batting - Pitching for Eugene Emeralds : RHP Josh Ready
|
Batting: RHB Freddie Brown
|
0-0: Swinging Strike 0-1: Called Strike 0-2: Foul Ball, location: 2F 0-2: Strikes out swinging
|
Batting: LHB Paul Adams
|
0-0: Foul Ball, location: 2F 0-1: Foul Ball, location: 2F 0-2: Fly out, F5 (Popup, 56S, EV 81.9 MPH)
|
Batting: RHB Derrick Abrams
|
0-0: Ball 1-0: Ball 2-0: Swinging Strike 2-1: Ball 3-1: Base on Balls
|
Batting: RHB Ron Major
|
0-0: Ball 1-0: Ball 2-0: Called Strike 2-1: Foul Ball, location: 2F 2-2: Foul Ball, location: 2F 2-2: Foul Ball, location: 2F 2-2: Strikes out swinging
|
Top of the 7th over - 0 runs, 0 hits, 0 errors, 1 left on base; Tri-City 2 - Eugene 3 |
BOTTOM OF THE 7TH |
Eugene Emeralds batting - Pitching for Tri-City Dust Devils : RHP Jalen Smith
|
Batting: SHB Bob Hamilton
|
0-0: Foul Ball, location: 2F 0-1: Ball 1-1: Ball 2-1: Called Strike 2-2: Ball 3-2: Strikes out swinging
|
Batting: RHB Garrett Granata
|
0-0: Ground out 6-3 (Groundball, 6, EV 90.6 MPH)
|
Batting: RHB Jonathan Ridgely
|
0-0: Ball 1-0: SINGLE (Line Drive, 6MD, EV 104.4 MPH)
|
Batting: RHB David Barnard
|
0-0: Called Strike 0-1: Ball Wild Pitch! Jonathan Ridgely to second 1-1: Swinging Strike 1-2: Strikes out looking
|
Bottom of the 7th over - 0 runs, 1 hit, 0 errors, 1 left on base; Tri-City 2 - Eugene 3 |
TOP OF THE 8TH |
Tri-City Dust Devils batting - Pitching for Eugene Emeralds : RHP Josh Ready
|
Batting: RHB Jeremy Mercer
|
0-0: Called Strike 0-1: Called Strike 0-2: Foul Ball, location: 2F 0-2: Strikes out swinging
|
Pitching: RHP Mark Duffy
|
|
Batting: RHB Hector Fernandez
|
0-0: Ball 1-0: Fly out, F8 (Flyball, 78D, EV 104.4 MPH)
|
Batting: RHB Joe Weissman
|
0-0: Called Strike 0-1: DOUBLE (Line Drive, 8LXD, EV 103.1 MPH)
|
Batting: RHB Bryan Pitcher
|
0-0: Ball 1-0: SINGLE (Flyball, 7S, EV 85.0 MPH) Joe Weissman to third Runner from 3rd tries for Home, throw by LF and OUT! 7-2
|
Top of the 8th over - 0 runs, 2 hits, 0 errors, 1 left on base; Tri-City 2 - Eugene 3 |
BOTTOM OF THE 8TH |
Eugene Emeralds batting - Pitching for Tri-City Dust Devils : RHP Jalen Smith
|
Pitching: LHP Juan Munoz
|
|
Batting: LHB Kwang-chih Men
|
0-0: Ground out 5-3 (Groundball, 5S, EV 72.5 MPH)
|
Batting: RHB Francisco Ramirez
|
0-0: Foul Ball, location: 2F 0-1: Ball 1-1: Foul Ball, location: 2F 1-2: Ball 2-2: Foul Ball, location: 2F 2-2: Ball 3-2: Foul Ball, location: 2F 3-2: Base on Balls
|
Batting: RHB Jonathan Sotelo
|
0-0: Ball Wild Pitch! Francisco Ramirez to second 1-0: Intentional Walk
|
Batting: LHB Mark Huey
|
0-0: Swinging Strike 0-1: Swinging Strike 0-2: Strikes out swinging
|
Batting: RHB Brian Gargis
|
0-0: Ball 1-0: Ground out 4-3 (Groundball, 4, EV 93.1 MPH)
|
Bottom of the 8th over - 0 runs, 0 hits, 0 errors, 2 left on base; Tri-City 2 - Eugene 3 |
TOP OF THE 9TH |
Tri-City Dust Devils batting - Pitching for Eugene Emeralds : RHP Mark Duffy
|
Pitching: RHP Jose Marrero
|
|
Batting: RHB Jaden Scott
|
0-0: Ball 1-0: Ball 2-0: Swinging Strike 2-1: Called Strike 2-2: Fly out, F8 (Line Drive, 8RM, EV 96.2 MPH)
|
Batting: RHB Freddie Brown
|
0-0: Ball 1-0: Swinging Strike 1-1: Fly out, F9 (Flyball, 9D, EV 81.2 MPH)
|
Batting: LHB Paul Adams
|
0-0: Called Strike 0-1: Ball 1-1: Ball 2-1: SINGLE (Groundball, 4MD, EV 97.5 MPH)
|
Pinch Hitting: LHB Roger Duque
|
0-0: Ball Wild Pitch! Paul Adams to second 1-0: Called Strike 1-1: Ball 2-1: Fly out, F9 (Flyball, 89M, EV 91.9 MPH)
|
Top of the 9th over - 0 runs, 1 hit, 0 errors, 1 left on base; Tri-City 2 - Eugene 3 |
|